 Dungeon Crawl Stone Soup version 0.30-a0-860-g512cf1e979 (webtiles) character file.

Game seed: 1692316163678161959

14 bande the Trooper (level 2, 0/19 HPs)
             Began as a Gargoyle Fighter on Mar 7, 2023.
             Slain by Terence
             ... wielding a +0 trident
              (8 damage)
             ... on level 2 of the Dungeon.
             The game lasted 00:00:44 (1130 turns).

bande the Trooper (Gargoyle Fighter)                Turns: 1130, Time: 00:00:45

Health: 0/19       AC: 10    Str: 19    XL:     2   Next: 45%
Magic:  2/2        EV:  9    Int:  8    God:
Gold:   36         SH:  4    Dex:  9    Spells: 1/1 levels left

rFire   . . .      SeeInvis .    a - +0 war axe
rCold   . . .      Faith    .    c - +0 buckler
rNeg    + . .      Spirit   .    b - +0 scale mail
rPois   ∞          Reflect  .    (no helmet)
rElec   +          Rampage  .    j - +0 cloak
rCorr   .                        (no gloves)
Will    .....                    (no boots) Stlth
                                 (no amulet)
HPRegen 0.23/turn                (no ring)
MPRegen 0.08/turn                (no ring)

@: no status effects
A: sickness immunity, AC +2, negative energy resistance 1, electricity
resistance, torment resistance 1, petrification resistance
a: no special abilities


You were on level 2 of the Dungeon.
You visited 1 branch of the dungeon, and saw 2 of its levels.

You collected 36 gold pieces.

Inventory:

Hand Weapons
 a - a +0 war axe (weapon)
Armour
 b - a +0 scale mail (worn)
 c - a +0 buckler (worn)
 j - a +0 cloak (worn)
Scrolls
 e - 2 scrolls of amnesia {unknown}
 f - 2 scrolls of teleportation {unknown}
 h - 2 scrolls of fog {unknown}
 i - a scroll of magic mapping {unknown}
 k - a scroll of torment {unknown}
Potions
 d - a potion of might
 g - a potion of attraction {unknown}


   Skills:
 + Level 3.5 Fighting
 + Level 2.0 Axes
 + Level 3.4 Armour
 + Level 0.1 Dodging
 + Level 3.5 Shields


You had one spell level left.
You didn't know any spells.
Your spell library contained the following spells:

 Spells                   Type           Power      Damage    Failure   Level
 Summon Forest            Summ/Tloc      0%         N/A       100%        5
 Eringya's Noxious Bog    Tmut/Pois      0%         N/A       100%        6
 Summon Hydra             Summ           0%         N/A       100%        7


Dungeon Overview and Level Annotations

Branches:
Dungeon (2/15)

Altars:

Annotations:
D:2 Terence


Innate Abilities, Weirdness & Mutations

You are immune to sickness and miasma.
Your stone body is resilient. (AC +2)
You are immune to poison.
You resist negative energy. (rN+)
You are resistant to electric shocks. (rElec)
You are resistant to unholy torment.
You are immune to petrification.


Message History

No target in view!
No target in view!
No target in view!
You now have 36 gold pieces (gained 7).
As you open the large door, it creaks loudly!
You open the door.
Found a stone staircase leading down.
No target in view!
No target in view!
There is an open door here.
There is a stone staircase leading down here.
Terence the Incautious comes into view.
He is wielding a +0 trident.
Terence shouts!
Terence is nearby!
A dart slug comes into view.
Found a scale mail.
Terence closely misses you.
You hit Terence.
Terence is moderately wounded.
Terence hits you with a +0 trident. Terence hits you but does no damage.
You barely miss Terence.
Terence is moderately wounded.
You hit the dart slug. The dart slug bites you. You block Terence's attack.
You hit the dart slug.
The dart slug is almost dead.
You barely miss Terence.
The dart slug bites you but does no damage.
Terence hits you with a +0 trident.
You are too injured to fight recklessly!
You are too injured to fight recklessly!
You are too injured to fight recklessly!
You are too injured to fight recklessly!
You are too injured to fight recklessly!
You are too injured to fight recklessly!
You are too injured to fight recklessly!
You are too injured to fight recklessly!
Unknown command.
You hit Terence.
Terence is moderately wounded.
You hit the dart slug but do no damage. Terence hits you with a +0 trident!
You die...

#. # .. #....###.# .+
...#....##..###+###.#
...#....##..^.......#
........##..........#
...............<....#
....[....##.........#
......w@.#.....####+####
#@.#..............
#..#..............
#..#####..........
..#####..##########'####
......#.###.........#
#...>###.........####
#.##'#''.............
#.......†........####
#................#


You could see Terence and a dart slug.

Vanquished Creatures
  2 ball pythons (D:1)
  An endoplasm (D:1)
  4 jackals (D:1)
  A quokka (D:1)
  2 bats
  2 rats (D:1)
12 creatures vanquished.

Notes
Turn   | Place    | Note
-------+----------+-------------------------------------------
     0 | D:1      | bande the Gargoyle Fighter began the quest for the Orb.
     0 | D:1      | Reached XP level 1. HP: 14/14 MP: 1/1
   231 | D:1      | Reached XP level 2. HP: 19/19 MP: 2/2
  1123 | D:2      | Noticed Terence
  1130 | D:2      | Slain by Terence

Illustrated notes

Levels and vault maps discovered:
D:1:      elethiomel_arrival_infinity_welcomes_careful_drivers, layout_basic,
          kennysheep_flooded_box
D:2:      layout_basic, serial_shops, nicolae_shop_stone, uniq_terence

Skill      XL: |  1  2 |
---------------+-------+-----
Axes           | 2 |  2.0
Fighting       | |  3.5
Armour         | |  3.4
Dodging        | |  0.1
Shields        | |  3.5

Action                     || total
---------------------------++-------
  Melee: War axe           ||    47
 Armour: Scale mail        ||    31
  Dodge: Dodged            ||    25
  Block: Buckler           ||    15

Table legend: (Time is in decaauts)
 A = Elapsed time spent in this place.
 B = Non-inter-level travel time spent in this place.
 C = Inter-level travel time spent in this place.
 D = Time resting spent in this place.
 E = Time spent auto-exploring this place.
 F = Levels seen in this place.
 G = Mean time per level.
                   A        B        C        D        E       F      G
               +--------+--------+--------+--------+--------+-----+--------+
         Total |   1152 |   1118 |     34 |      0 |    990 |   2 |  576.0 |
       Dungeon |   1152 |   1118 |     34 |      0 |    990 |   2 |  576.0 |
               +--------+--------+--------+--------+--------+-----+--------+

Top non-repeatable levels by time:
     D:1: 1054 daAuts
     D:2: 97 daAuts
